 Dungeon Crawl Stone Soup version 0.21-a0-401-g0b6bec4 (webtiles) character file.

47 Moloch the Conjurer (level 3, 0/24 HPs)
             Began as a Demonspawn Wizard on Oct 24, 2017.
             Slain by an orc
             ... wielding a +0 club
              (3 damage)
             ... on level 1 of the Dungeon.
             The game lasted 00:02:24 (855 turns).

Moloch the Conjurer (Demonspawn Wizard)              Turns: 855, Time: 00:02:25

Health: 0/24       AC:  3    Str:  7    XL:     3   Next: 48%
Magic:  6/7        EV: 12    Int: 20    God:
Gold:   52         SH:  0    Dex: 17    Spells: 7/8 levels left

rFire    . . .     SeeInvis .   f - +0 short sword
rCold    . . .     Gourm    .   (no shield)
rNeg     . . .     Faith    .   a - +0 robe
rPois    .         Spirit   .   b - +0 hat
rElec    .         Reflect  .   g - +0 cloak
rCorr    .         Harm     .   (no gloves)
MR       .....                  (no boots)
Stlth    ++........             (no amulet)
HPRegen  0.08/turn              h - +6 ring of dexterity
MPRegen  0.10/turn              (no ring)

@: no status effects
A: spiny 1
a: no special abilities


You were on level 1 of the Dungeon.
You were not hungry.

You visited 1 branch of the dungeon, and saw 2 of its levels.

You collected 52 gold pieces.

Inventory:

Hand Weapons
 f - a +0 short sword (weapon)
Armour
 a - a +0 robe (worn)
 b - a +0 hat (worn)
 g - a +0 cloak (worn)
Jewellery
 h - a +6 ring of dexterity (left hand)
Scrolls
 e - a scroll of identify {unknown}
 i - 2 scrolls of remove curse {unknown}
 j - 2 scrolls of amnesia {unknown}
Potions
 l - 2 potions of heal wounds {unknown}
Books
 c - a book of Minor Magic

   Spells                             Type                      Level
   a - Magic Dart                     Conjuration                  1
   b - Blink                          Translocation                2
   c - Call Imp                       Summoning                    2
   d - Slow                           Hexes                        2
   e - Conjure Flame                  Conjuration/Fire             3
   f - Mephitic Cloud                 Conjuration/Poison/Air       3
Comestibles
 d - a bread ration
 k - a meat ration
 m - a chunk of flesh


   Skills:
 - Level 1.7 Dodging
 - Level 1.7 Stealth
 - Level 3.0 Spellcasting
 + Level 3.4 Conjurations
   Level 1.0 Summonings
   Level 0.8 Translocations


You had 7 spell levels left.
You knew the following spells:

 Your Spells              Type           Power        Failure   Level  Hunger
a - Magic Dart            Conj           ###.         3%          1    None


Dungeon Overview and Level Annotations

Branches:
Dungeon (2/15)

Altars:

Annotations:
D:1 Terence


Innate Abilities, Weirdness & Mutations

You are partially covered in sharp spines.


Message History

The orc shouts! x2
The orc hits you but does no damage. The orc is struck by your spines.
The orc barely misses you. The orc hits you but does no damage.
The orc wizard gestures wildly while chanting.
The orc wizard seems to speed up.
The orc throws a stone.
The stone barely misses you.
You see here a stone.
The orc throws a stone.
The stone barely misses you.
The orc wizard looks satisfied for a moment.
There is a stone staircase leading up here.
The orc barely misses you.
You climb upwards.
Level annotation: Terence
There is a stone staircase leading down, spattered with blood here.
You are too injured to fight recklessly!
You barely miss the orc. The orc hits you with a club.
* * * LOW HITPOINT WARNING * * *
You barely miss the orc. The orc hits you with a club.
You die...

#@#......#...##....#
##......#....##....#
.............#.....#
...................#
...................#
..............##.###
........#..##......##
........##..#.......##
................@....#
................o....#
..#########..........#
#.# ##.........# #.###
######.........#
#...###.............##
....((..####...).....#
........# #.........#
........# #.........#


You could see an orc.

Vanquished Creatures
  An orc wizard (D:2)
  4 bats (D:1)
  2 giant cockroaches (D:1)
  2 hobgoblins (D:1)
  2 jackals (D:2)
  3 kobolds
  4 frilled lizards (D:1)
  A rat (D:2)
19 creatures vanquished.

Notes
Turn   | Place    | Note
-------+----------+-------------------------------------------
     0 | D:1      | Moloch the Demonspawn Wizard began the quest for the Orb.
     0 | D:1      | Reached XP level 1. HP: 13/13 MP: 4/4
   298 | D:1      | Gained mutation: You are partially covered in sharp spines. [demonic ancestry]
   298 | D:1      | Reached XP level 2. HP: 19/19 MP: 0/6
   567 | D:2      | Noticed Terence
   801 | D:2      | Reached XP level 3. HP: 2/24 MP: 0/7
   855 | D:1      | Slain by an orc

Vault maps used:
D:1:      minmay_arrival_diagonal_passages
D:2:      first_bread, uniq_terence

Skill      XL: |  1  2 |
---------------+-------+-----
Conjurations   | 2 3 |  3.4
Dodging        | |  1.7
Stealth        | |  1.7
Spellcasting   | |  3.0
Summonings     | |  1.0
Translocations | |  0.8

Action                   || total
-------------------------++-------
Melee: Unarmed           ||     1
       Short sword       ||    17
 Cast: Magic Dart        ||    50
Armor: Robe              ||     7
Dodge: Dodged            ||    26

Table legend:
 A = Spawn XP
 B = Non-spawn XP
 C = Spawn XP percentage of total XP
 D = Spawn monster count
 E = Non-spawn monster count
 F = Spawn count percentage of total count
 G = Total turns spent on level
                    A         B        C        D         E        F      G
               +---------+---------+-------+---------+---------+-------+---------
         Total |       0 |      68 |   0.0 |       0 |      19 |   0.0 |   855
               +---------+---------+-------+---------+---------+-------+---------
           D:1 |       0 |      21 |   0.0 |       0 |      14 |   0.0 |   625
           D:2 |       0 |      47 |   0.0 |       0 |       5 |   0.0 |   230
               +---------+---------+-------+---------+---------+-------+---------
